cohdb
Replays
Latest Replays
All Replays
Popular Replays
Top Player Replays
Match Explorer
How It Works
Community
CoH3 Stats
Reddit
Sign in to upload your games and track your stats! →
Sign in with Steam
Match 45491813
Unlisted
Match 45491813
Overview
Messages
Build Orders
End
Kradschützen Motorcycle Team
Panzergrenadier Squad
Panzergrenadier Squad
250 Light Carrier
Construct Light Support Kompanie
Combat Half-tracks
Construct Mechanized Kompanie
Panzerjäger Mechanized Group
Support Armor Elements
Panzerpioneer Squad
Veteran Squad Leaders
StuG III D Assault Gun
Pak 38 Mechanized Group
Selects Armored Support Battlegroup
Selects Salvage Kits
Advanced Optics
Steyrc
Alen Rex
Boobnik
polo2B
Ursa Major
Nap
0
0
Comments
sign in to comment!
No comments posted yet!